Map: Alcyone LE

Players

commandeR - Winner!

  • Race: Protoss Protoss
  • League: Diamond
  • Spawn Location: 1:00

电脑难度(新手)

  • Race: Terran Terran
  • Spawn Location: 7:00

VOD

Have the link to the VOD?

Description

Time

  • Played on: Oct. 13, 2024, 5:23 a.m.
  • Length: 11:56
Show
View Real Time Build Order
Export as new Build Order

commandeR Protoss - Winner!

Build Orders: 1 Gate Expand 

Get SALT Encoding   

  12  0:00  Probe  
  13  0:12  Probe  
  14  0:18  Pylon  
  14  0:24  Probe  
  15  0:37  Probe (Chrono Boost)  
  15  0:38  Gateway  
  16  0:48  Assimilator  
  16  0:49  Probe (Chrono Boost)  
  17  0:54  Probe (Chrono Boost)  
  18  1:03  Probe  
  19  1:15  Probe  
  20  1:26  Cybernetics Core  
  20  1:34  Nexus  
  20  1:36  Probe  
  21  1:44  Pylon  
  21  1:48  Probe  
  21  1:51  Assimilator  
  22  2:00  Probe, Adept (Chrono Boost)  
  23  2:04  Warp Gate  
  25  2:12  Probe  
  26  2:23  Stalker  
  26  2:24  Probe  
  29  2:36  Probe  
  30  2:41  Robotics Facility  
  30  2:48  Probe x2 (Chrono Boost)  
  34  2:58  Gateway  
  34  2:59  Probe (Chrono Boost)  
  34  3:00  Probe (Chrono Boost)  
  34  3:01  Stalker  
  36  3:06  Probe x2 (Chrono Boost)  
  38  3:13  Twilight Council  
  38  3:16  Probe  
  40  3:20  Probe  
  40  3:24  Pylon  
  40  3:27  Assimilator  
  40  3:30  Observer (Chrono Boost)  
  41  3:39  Probe x2  
  41  3:41  Gateway  
  43  3:43  Assimilator  
  43  3:51  Probe  
  43  3:54  Immortal  
  48  3:57  Probe  
  48  4:01  Blink (Chrono Boost)  
  49  4:03  Probe  
  49  4:09  Probe  
  51  4:15  Pylon  
  51  4:24  Probe  
  51  4:25  Probe  
  53  4:33  Observer  
  53  4:34  Stalker  
  53  4:35  Stalker  
  58  4:43  Nexus  
  58  4:47  Pylon  
  58  4:49  Probe x2  
  60  4:54  Observer  
  61  5:02  Robotics Bay  
  61  5:05  Forge  
  61  5:12  Probe x2  
  61  5:13  Immortal  
  67  5:17  Stalker  
  69  5:22  Pylon  
  69  5:34  Probe  
  70  5:40  Protoss Ground Weapons Level 1 (Chrono Boost), Probe, Sentry  
  70  5:42  Stalker x2  
  77  5:44  Charge (Chrono Boost)  
  77  5:46  Probe  
  78  5:55  Probe  
  79  5:57  Probe  
  80  6:09  Colossus (Chrono Boost)  
  80  6:10  Probe  
  80  6:11  Probe x2  
  89  6:12  Zealot x2  
  93  6:18  Pylon  
  93  6:19  Pylon  
  93  6:20  Extended Thermal Lance (Chrono Boost)  
  93  6:36  Probe x3  
  96  6:41  Pylon  
  96  6:42  Zealot x3  
  96  6:43  Pylon  
  102  6:48  Probe x3  
  105  7:00  Colossus (Chrono Boost)  
  111  7:03  Assimilator  
  111  7:06  Zealot x3  
  111  7:07  Assimilator, Shield Battery  
  117  7:18  Probe  
  117  7:19  Probe x2  
  120  7:29  Zealot x2  
  124  7:34  Gateway x2  
  124  7:36  Protoss Ground Armor Level 1 (Chrono Boost), Gateway  
  124  7:37  Gateway  
  124  7:40  Gateway  
  124  7:45  Forge  
  124  7:48  Pylon  
  124  8:06  Colossus (Chrono Boost)  
  124  8:07  Robotics Facility, Pylon  
  124  8:09  Pylon  
  124  8:10  Pylon  
  124  8:11  Probe  
  124  8:12  Probe x2  
  133  8:20  Nexus  
  133  8:22  Pylon  
  132  8:31  Sentry  
  132  8:32  Sentry, Zealot x3  
  132  8:33  Zealot x2  
  146  8:37  Probe x3, Protoss Ground Weapons Level 2 (Chrono Boost)  
  149  8:49  Probe x3  
  156  8:57  Disruptor (Chrono Boost)  
  156  9:00  Warp Prism (Chrono Boost)  
  156  9:03  Gateway  
  156  9:07  Gateway  
  156  9:08  Gateway  
  158  9:10  Templar Archives  
  158  9:11  Gateway  
  158  9:12  Pylon x2  
  158  9:19  Zealot x3  
  164  9:29  Disruptor  
  168  9:31  Pylon  
  168  9:32  Pylon x2  
  168  9:35  Disruptor  
  172  9:59  High Templar x9  
  190  10:03  Archon  
  190  10:04  Archon x3  
  190  10:05  High Templar  
  190  10:06  Zealot x2  
  196  10:09  Archon  
  196  10:13  Pylon  
  196  10:15  Pylon  
  196  10:17  Pylon  
  196  10:28  Disruptor  
  200  11:04  Assimilator  
  200  11:08  Assimilator  
  200  11:12  Shield Battery  
  200  11:43  Pylon  
Show
View Real Time Build Order
Export as new Build Order

电脑难度(新手) Terran 

Build Orders:  

Get SALT Encoding   

  12  0:00  SCV  
  13  0:13  SCV  
  14  0:18  Supply Depot  
  14  0:36  Refinery  
  14  0:42  Barracks  
  14  1:05  Supply Depot  
  14  1:12  Refinery  
  14  1:29  Marine  
  14  1:30  SCV  
  16  1:42  SCV  
  17  1:54  SCV  
  18  2:02  Marine  
  18  2:06  SCV  
  20  2:18  SCV  
  21  2:30  SCV  
  21  2:35  Marine  
  23  2:43  Orbital Command  
  23  5:48  SCV, Marine  
  25  5:51  Supply Depot  
  25  5:53  Factory  
  25  6:00  SCV  
  26  6:13  SCV  
  26  6:15  Supply Depot  
  27  6:22  Barracks Tech Lab  
  27  6:25  SCV  
  25  6:37  SCV  
  25  6:38  Starport  
  26  6:40  Marine  
  27  6:52  Command Center  
  27  7:13  Marine  
  28  7:16  Starport Tech Lab  
  28  7:36  Raven  
  30  7:46  Marauder  
  32  8:06  SCV  
  32  8:10  Raven  
  35  8:14  SCV  
  35  8:17  Refinery  
  35  8:19  Refinery, Marine  
  37  8:21  SCV  
  38  8:28  SCV  
  39  8:35  SCV  
  40  8:42  SCV  
  41  8:49  SCV  
  42  8:57  SCV  
  43  9:04  SCV  
  44  9:11  SCV  
  45  9:19  SCV  
  46  9:26  SCV  
  47  9:33  SCV  
  48  9:41  SCV  
  49  9:48  SCV  
  50  10:46  Marine  
  50  10:48  Supply Depot  
  50  10:50  SCV  
  22  11:02  SCV  
  18  11:12  Supply Depot  
  18  11:14  SCV  
  5  11:26  SCV  
  3  11:37  Starport  
Tags
 
League
Diamond
Matchup
PvT
Spawn Locations
Cross Positions
Add a new tag
Caveats
  • Supply blocks, unpowered buildings, or Contaminate may cause inaccurate times.
  • Supply counts are checked every 10 seconds.